 Dungeon Crawl Stone Soup version 0.32-a0-616-g9348d4545b (webtiles) character file.

Game seed: 17983956637727819445

4379 Ruich the Cleaver (level 10, -20/80 HPs)
             Began as a Coglin Berserker on Mar 5, 2024.
             Was a Priest of Trog.
             Killed from afar by an acid dragon (33 damage)
             ... with a splash of acid
             ... on level 9 of the Dungeon.
             The game lasted 00:19:05 (7036 turns).

Ruich the Cleaver (Coglin Berserker)                Turns: 7036, Time: 00:19:06

Health: -20/80     AC: 14    Str: 26    XL:     10   Next: 35%
Magic:  10/10      EV:  8    Int: 12    God:    Trog [***...]
Gold:   530        SH:  0    Dex: 13    Spells: 9/9 levels left

rFire   + + .        c - +5 war axe of Camn {heavy, Int+4}
rCold   . . .        x - +2 morningstar "Huxkaom" {drain, rF++ Str+5}
rNeg    . . .        j - +0 plate armour
rPois   .            n - +0 helmet
rElec   .            (no cloak)
rCorr   .            (no gloves)
SInv    .            (no boots)
Will    .....        (amulet unavailable) Stlth
                     (ring unavailable)
HPRegen 0.33/turn    (ring unavailable)
MPRegen 0.12/turn    (no gizmo)

%: no passive effects
@: slowed, invisible, revved, very slow
A: off-hand wielding, slow wielding, warmup strikes, no jewellery
a: Invent Gizmo, Renounce Religion, Berserk, Trog's Hand


You were on level 9 of the Dungeon.
You worshipped Trog.
Trog was most pleased with you.
You visited 1 branch of the dungeon, and saw 9 of its levels.

You collected 530 gold pieces.


Innate Abilities, Weirdness & Mutations

You can wield a second weapon in your off-hand.
It takes a long time for you to wield or remove held weapons.
Your first few attacks do less damage.
You cannot equip rings or amulets.


   Skills:
 + Level 7.7 Fighting
 * Level 10.4 Axes
 + Level 6.6 Armour
 - Level 1.7 Dodging
 + Level 5.9 Evocations


You had 9 spell levels left.
You didn't know any spells.
Your spell library was empty.

Inventory:

Hand Weapons
 c - the +5 war axe of Camn (weapon) {heavy, Int+4}
   (You found it on level 4 of the Dungeon)

   Int+4:     It affects your intelligence (+4).
 p - the +7 spear of the Ecumenical Temple {freeze, Str+3 Int+6}
   (You found it on level 4 of the Dungeon)

   Str+3:     It affects your strength (+3).
   Int+6:     It affects your intelligence (+6).
 x - the +2 morningstar "Huxkaom" (offhand) {drain, rF++ Str+5}
   (You found it on level 6 of the Dungeon)

   Str+5:     It affects your strength (+5).
   rF++:      It greatly protects you from fire.
 A - a +2 whip of electrocution
Missiles
 b - 3 javelins
 i - 29 poisoned darts (quivered)
 l - 5 boomerangs
Armour
 j - a +0 plate armour (worn)
 n - a +0 helmet (worn)
 B - a +2 robe of resistance
Wands
 k - a wand of acid (6)
 s - a wand of paralysis (13)
 t - a wand of polymorph (3)
 y - a wand of iceblast (5)
 C - a wand of mindburst (13)
Scrolls
 f - 5 scrolls of teleportation {@r2}
 o - 2 scrolls of butterflies {unknown}
 r - a scroll of fog
 w - a scroll of poison
 z - a scroll of enchant weapon {unknown}
 D - a scroll of noise {unknown}
Potions
 a - a potion of magic
 d - 3 potions of heal wounds {@q2}
 e - 2 potions of enlightenment
 g - a potion of berserk rage {!q}
 h - a potion of mutation
 m - 2 potions of haste {@q3}
 q - 3 potions of curing {@q1}
 v - a potion of lignification

Dungeon Overview and Level Annotations

Branches:
Dungeon (9/15)             Temple (0/1) D:7            Lair (0/5) D:8
    Orc: D:9-12

Altars:
Ashenzari
Cheibriados
Dithmenos
Elyvilon
Fedhas
Sif Muna
Trog
Vehumet

.... ... .....
###.# ..... #...#
#....# .. #.<#
#....## ...
#.###.......
....##...#.....#
...............#
......D@.......##
.......)........#
.......).!......#
....P.P..).......
.P..P♣P♣P.....P.P
♣P..PP♣PP.....P♣P
♣♣..P♣♣♣♣....♣PPP
#### ##+++#PPP ..
♣♣


You could see an acid dragon (unable to see you, catching breath).


Message History

You kill the kobold!
Trog accepts your kill.
You feel very sick.
An acid dragon comes into view.
The acid dragon roars!
You slash the kobold with the +5 war axe of Camn!
You kill the kobold!
Trog accepts your kill.
You strike the helpless kobold from behind!
You slice the kobold with the +5 war axe of Camn!!
You kill the kobold!
Trog accepts your kill.
You miss the kobold with the +5 war axe of Camn.
You feel very sick.
The acid dragon roars!
You slice the kobold with the +5 war axe of Camn!!
You kill the kobold!
Trog accepts your kill.
You feel sick.
The acid dragon roars!
Unknown command.
You feel sick.
The acid dragon roars!
Items here: ( )) †.
You completely miss the acid dragon with the +2 morningstar "Huxkaom".
You hit the acid dragon with the +5 war axe of Camn.
You feel sick.
You are no longer poisoned.
The acid dragon spits acid at you.
You die...

Skill      XL: |  1  2  3  4  5  6  7  8  9 10 |
---------------+-------------------------------+-----
Armour         | 2 3 4 5 6 |  6.6
Axes           | 4 5 6 8 9 10 | 10.4
Fighting       | 4 5 6 7 |  7.7
Evocations     | 1 4 5 |  5.9
Dodging        | |  1.7

Action                     |  1- 3 |  4- 6 |  7- 9 | 10-12 || total
---------------------------+-------+-------+-------+-------++-------
  Melee: Hand axe          |   112 |    12 |       |       ||   124
         Dagger            |    19 |       |       |       ||    19
         War axe           |       |    26 |   112 |    27 ||   165
         Spear             |       |     9 |    58 |       ||    67
         Morningstar       |       |       |    41 |    29 ||    70
 Invoke: Berserk           |     2 |     2 |     3 |       ||     7
         Trog's Hand       |       |     1 |     1 |       ||     2
  Evoke: Wand              |       |       |       |     4 ||     4
    Use: Scroll            |     6 |     2 |     8 |       ||    16
         Potion            |       |       |       |     2 ||     2
   Stab: Sleeping          |     1 |       |       |       ||     1
         Invisible         |       |       |       |     2 ||     2
 Armour: Animal skin       |    22 |       |       |       ||    22
         Plate armour      |    39 |    24 |   143 |    31 ||   237
  Dodge: Dodged            |    28 |     7 |    56 |    12 ||   103

Levels and vault maps discovered:
D:1:      dpeg_arrival_simpleton_a, layout_basic
D:2:      layout_basic, grunt_ministairs_5
D:3:      layout_basic, hex_tiny, minmay_increasing_density
D:4:      layout_basic, guppyfry_early_orc_mine, uniq_duvessa
D:5:      layout_loops_corners, minitemple, mainiacjoe_overflow_alcove_4,
          serial_bayou_lake_a
D:6:      layout_gridville, mainiacjoe_overflow_catwalk_spiral,
          minmay_mini_ossuary, uniq_blork_the_orc
D:7:      layout_cave_pods, cheibrodos_ashenzari_chains,
          nicolae_overflow_crystal_walls, minmay_temple_entry_large_hall,
          ebering_ghost_reflecting_pool
D:8:      minmay_inner_zag, layout_rooms, tgw_sif, david_lair_shrubbed,
          uniq_pikel
D:9:      kennysheep_housing_project, layout_cave_pools, zombieorc2_lemuel,
          uniq_amaemon

Notes
Turn   | Place    | Note
-------+----------+-------------------------------------------
     0 | D:1      | Ruich the Coglin Berserker began the quest for the Orb.
     0 | D:1      | Reached XP level 1. HP: 18/18 MP: 1/1
   227 | D:1      | Reached XP level 2. HP: 17/24 MP: 2/2
   228 | D:1      | Reached skill level 2 in Armour
   684 | D:2      | You fall into a shaft and drop 1 floor!
   939 | D:2      | Reached XP level 3. HP: 29/29 MP: 3/3
  1922 | D:4      | Reached skill level 4 in Axes
  1922 | D:4      | Reached XP level 4. HP: 17/35 MP: 4/4
  1922 | D:4      | Identified the +5 war axe of Camn {heavy, Int+4}
  2236 | D:4      | Reached XP level 5. HP: 32/42 MP: 5/5
  2318 | D:4      | Reached ** piety under Trog
  2322 | D:4      | Reached skill level 4 in Fighting
  2329 | D:4      | Reached skill level 3 in Armour
  2447 | D:4      | Reached skill level 5 in Axes
  2461 | D:4      | Identified the +7 spear of the Ecumenical Temple {freeze,
                  | Str+3 Int+6}
  2611 | D:4      | Noticed Duvessa
  2612 | D:4      | Noticed Dowan
  2617 | D:4      | Killed Duvessa
  2618 | D:4      | Reached XP level 6. HP: 49/49 MP: 6/6
  2620 | D:4      | Killed Dowan
  2856 | D:4      | Noticed a black bear
  2857 | D:4      | Killed a black bear
  2858 | D:4      | Reached XP level 7. HP: 55/55 MP: 7/7
  2965 | D:5      | Entered Level 5 of the Dungeon
  2986 | D:5      | Reached skill level 6 in Axes
  3153 | D:5      | Reached skill level 5 in Fighting
  3317 | D:5      | Reached skill level 4 in Armour
  3491 | D:5      | Reached XP level 8. HP: 62/62 MP: 8/8
  3554 | D:5      | Found a bloodstained altar of Trog.
  3597 | D:5      | Reached skill level 7 in Axes
  4057 | D:5      | Found a white marble altar of Elyvilon.
  4057 | D:5      | Found a blossoming altar of Fedhas.
  4262 | D:6      | Noticed Blork the orc
  4267 | D:6      | Killed Blork the orc
  4268 | D:6      | Reached skill level 6 in Fighting
  4324 | D:6      | Reached skill level 8 in Axes
  4324 | D:6      | Reached skill level 5 in Armour
  4462 | D:6      | Found a radiant altar of Vehumet.
  4465 | D:6      | Found a shadowy altar of Dithmenos.
  4559 | D:6      | Reached skill level 1 in Evocations
  4699 | D:6      | Identified the +2 morningstar "Huxkaom" {drain, rF++ Str+5}
  4752 | D:6      | Reached XP level 9. HP: 66/69 MP: 9/9
  4860 | D:6      | Reached skill level 2 in Evocations
  4908 | D:6      | Reached *** piety under Trog
  5346 | D:7      | Found a snail-covered altar of Cheibriados.
  5375 | D:7      | Reached skill level 9 in Axes
  5375 | D:7      | Reached skill level 3 in Evocations
  5563 | D:7      | Found a staircase to the Ecumenical Temple.
  5659 | D:7      | Found a broken altar of Ashenzari.
  5921 | D:7      | Found a runed translucent door.
  5922 | D:7      | Noticed petzl's ghost (amateur FoDe)
  5932 | D:7      | Killed petzl's ghost
  6040 | D:8      | Reached skill level 4 in Evocations
  6066 | D:8      | Found a staircase to the Lair.
  6067 | D:8      | Noticed a komodo dragon
  6084 | D:8      | Killed a komodo dragon
  6085 | D:8      | Reached skill level 7 in Fighting
  6085 | D:8      | Reached skill level 6 in Armour
  6249 | D:8      | Reached XP level 10. HP: 75/79 MP: 10/10
  6251 | D:8      | Reached skill level 5 in Evocations
  6358 | D:8      | Reached skill level 10 in Axes
  6475 | D:8      | Identified a +2 robe of resistance
  6475 | D:8      | Noticed Pikel
  6479 | D:8      | Killed Pikel
  6976 | D:8      | Found a shimmering blue altar of Sif Muna.
  7036 | D:9      | Killed from afar by an acid dragon

Vanquished Creatures
  Pikel (D:8)
  A komodo dragon (D:8)
  2 wyverns (D:8)
  Duvessa (D:4)
  2 water moccasins (D:8)
  2 orc warriors
  4 ice beasts
  6 black bears
  A sky beast (D:7)
  The ghost of petzl the Sneak, an amateur FoDe (D:7)
  An ogre (D:7)
  A centaur (D:8)
  3 lemures (D:8)
  Blork the orc (D:6)
  2 kobold brigands
  2 bullfrogs
  A gnoll sergeant (D:8)
  2 scorpions (D:5)
  5 wights (D:5)
  Dowan (D:4)
  4 hounds
  4 orc priests
  2 bombardier beetles
  4 sleepcaps
  7 orc wizards
  A mummy (D:6)
  3 gnolls (D:7)
  4 adders
  2 shadow imps
  A white imp (D:8)
  6 ufetubi
  A dart slug (D:2)
  A ribbon worm (D:4)
  24 orcs
  6 endoplasms
  5 goblins
  7 hobgoblins
  17 kobolds
  A quokka (D:2)
  6 ball pythons
  5 bats
  2 frilled lizards
  2 hobgoblin zombies (D:6)
  2 orc zombies (D:6)
  4 rats
161 creatures vanquished.

Table legend: (Time is in decaauts)
 A = Elapsed time spent in this place.
 B = Non-inter-level travel time spent in this place.
 C = Inter-level travel time spent in this place.
 D = Time resting spent in this place.
 E = Time spent auto-exploring this place.
 F = Levels seen in this place.
 G = Mean time per level.
                   A        B        C        D        E       F      G
               +--------+--------+--------+--------+--------+-----+--------+
         Total |   7214 |   6983 |    231 |   1229 |   4681 |   9 |  801.6 |
       Dungeon |   7214 |   6983 |    231 |   1229 |   4681 |   9 |  801.6 |
               +--------+--------+--------+--------+--------+-----+--------+

Top non-repeatable levels by time:
     D:4: 1210 daAuts
     D:5: 1199 daAuts
     D:6: 1126 daAuts
     D:8: 1006 daAuts
     D:7: 825 daAuts
     D:3: 699 daAuts
     D:1: 658 daAuts
     D:2: 461 daAuts
     D:9: 26 daAuts

Table legend:
 A = Non-vault XP
 B = Vault XP
 C = Vault XP percentage of total XP
 D = Non-vault monster count
 E = Vault monster count
 F = Vault count percentage of total count
                 A         B        C        D         E       F
            +---------+---------+-------+---------+---------+-------
      Total |    4036 |    2221 |  35.5 |     127 |      31 |  19.6
            +---------+---------+-------+---------+---------+-------
        D:1 |      19 |       0 |   0.0 |      11 |       0 |   0.0
        D:2 |      21 |       2 |   8.7 |      11 |       1 |   8.3
        D:3 |      13 |      17 |  56.7 |       9 |       4 |  30.8
        D:4 |     249 |     341 |  57.8 |      15 |       9 |  37.5
        D:5 |    1071 |       0 |   0.0 |      23 |       0 |   0.0
        D:6 |     784 |     121 |  13.4 |      14 |       6 |  30.0
        D:7 |    1011 |     115 |  10.2 |      29 |       1 |   3.3
        D:8 |     757 |    1623 |  68.2 |       9 |       9 |  50.0
        D:9 |     111 |       2 |   1.8 |       6 |       1 |  14.3
            +---------+---------+-------+---------+---------+-------
